Map: Thunderbird LE

Players

Clokworx

  • Race: Terran Terran
  • Spawn Location: 11:00

BobRoss

  • Race: Terran Terran
  • League: Platinum

VOD

Have the link to the VOD?

Description

Time

  • Played on: Nov. 23, 2019, 3:13 p.m.
  • Length: 11:53
Show
View Real Time Build Order
Export as new Build Order

Clokworx Terran 

Build Orders:  

Get SALT Encoding   

  12  0:04  SCV  
  13  0:25  Supply Depot  
  13  0:27  SCV  
  14  0:44  SCV  
  15  0:56  Barracks  
  15  1:07  SCV  
  16  1:17  Refinery  
  16  1:24  SCV  
  17  1:42  SCV  
  18  1:59  SCV  
  19  2:10  Command Center  
  19  2:25  Reaper  
  19  2:26  Orbital Command  
  20  3:02  SCV  
  21  3:16  Barracks Reactor  
  21  3:19  SCV  
  22  3:20  Supply Depot  
  22  3:35  Refinery  
  22  3:36  SCV  
  22  3:39  Barracks  
  23  3:43  Factory  
  23  3:50  Orbital Command  
  23  3:59  SCV  
  24  4:12  Marine x2  
  24  4:16  SCV  
  27  4:29  SCV  
  28  4:33  SCV  
  28  4:37  Marine x2  
  31  4:46  SCV  
  31  4:47  Starport  
  31  4:49  Barracks Tech Lab, Stimpack  
  32  4:50  SCV  
  32  4:52  Factory Tech Lab  
  33  5:01  Marine  
  33  5:02  Marine  
  33  5:03  SCV  
  33  5:07  SCV  
  37  5:17  Marine  
  38  5:24  SCV x2  
  38  5:26  Marine  
  38  5:29  Marine  
  42  5:39  Medivac  
  44  5:41  Supply Depot, SCV x2  
  44  5:43  Supply Depot  
  46  6:01  Widow Mine  
  46  6:11  Marine x3  
  51  6:24  Medivac  
  51  6:27  Supply Depot  
  51  6:28  Supply Depot  
  53  6:32  SCV x2  
  53  6:36  Marine x2  
  57  6:41  Marine  
  57  6:42  Siege Tank  
  57  6:49  SCV  
  62  6:57  SCV  
  62  6:59  Supply Depot  
  63  7:01  Marine  
  63  7:02  Supply Depot  
  63  7:06  SCV  
  65  7:14  SCV  
  66  7:23  SCV  
  66  7:27  Marine x3  
  70  7:30  Starport Reactor  
  70  7:35  Supply Depot x2  
  70  7:46  Engineering Bay  
  70  7:47  Engineering Bay  
  70  7:52  Marine x2  
  70  7:59  Barracks  
  72  8:02  Barracks  
  72  8:06  Supply Depot  
  72  8:09  Supply Depot  
  72  8:14  Marine  
  72  8:17  Marine x2  
  75  8:23  Armory  
  75  8:39  Marine  
  76  8:40  SCV x2  
  76  8:44  Refinery x2  
  78  8:53  Marine  
  78  8:54  Siege Tank, Marine  
  78  8:57  Terran Infantry Weapons Level 1  
  83  9:01  Supply Depot, Command Center  
  83  9:04  Marine  
  83  9:05  Supply Depot  
  84  9:11  Barracks Reactor  
  84  9:13  Barracks Reactor  
  84  9:22  Barracks  
  84  9:27  SCV x2  
  86  9:39  Siege Tank  
  89  9:44  SCV x2  
  91  10:00  Marine x3  
  91  10:01  Marine  
  91  10:04  Marine  
  91  10:05  Marine x2  
  98  10:12  Supply Depot  
  98  10:14  Supply Depot  
  98  10:24  Siege Tank  
  98  10:25  Marine  
  98  10:52  Orbital Command  
  98  10:53  SCV x2  
  100  11:00  Supply Depot  
  100  11:05  Supply Depot  
  100  11:10  SCV x2  
  102  11:39  Supply Depot x2  
Show
View Real Time Build Order
Export as new Build Order

BobRoss Terran 

Build Orders:  

Get SALT Encoding   

Tags
 
Add a new tag
Caveats
  • Supply blocks, unpowered buildings, or Contaminate may cause inaccurate times.
  • Supply counts are checked every 10 seconds.